 Dungeon Crawl Stone Soup version 0.31-a0-978-g1e143483b6 (webtiles) character file.

Game seed: 10979064463406967753

27 Firecrotchwizard the Ruffian (level 2, 0/27 HPs)
             Began as a Troll Shapeshifter on Oct 30, 2023.
             Slain by Sigmund
             ... wielding a +0 scythe
              (10 damage)
             ... on level 2 of the Dungeon.
             The game lasted 00:03:37 (831 turns).

Firecrotchwizard the Ruffian (Troll Shapeshifter)    Turns: 831, Time: 00:03:37

Health: 0/27       AC:  4    Str: 21    XL:     2   Next: 93%
Magic:  1/1        EV:  9    Int:  6    God:
Gold:   63         SH:  0    Dex:  9    Spells: 1/1 levels left

rFire   . .          .
                       - Unarmed
rCold   . . .        (no shield)
rNeg    . . .        a - +0 animal skin
rPois   .            (helmet currently unavailable)
rElec   .            (cloak currently unavailable)
rCorr   .            (gloves unavailable)
SInv    .            (boots unavailable)
Will    .....        (no amulet)
Stlth   +            (no ring)
HPRegen 1.04/turn    (no ring)
MPRegen 0.07/turn

%: no passive effects
@: beast-form
A: beast (slay +1), large, unfitting armour, claws 3, regeneration 1, shaggy fur
1, tough skin 1
a: Begin Untransformation


You were on level 2 of the Dungeon.
You were a hulking beast.
You visited 1 branch of the dungeon, and saw 2 of its levels.

You collected 63 gold pieces.

Inventory:

Missiles
 f - 6 poisoned darts
Armour
 a - a +0 animal skin (worn)
Jewellery
 e - a +6 ring of dexterity
Talismans
 c - a beast talisman
 d - a flux talisman
Scrolls
 g - a scroll of blinking {unknown}
 j - a scroll of immolation {unknown}
 m - a scroll of identify {unknown}
Potions
 b - a potion of lignification
 h - a potion of curing {unknown}
 i - 2 potions of heal wounds {unknown}
 k - a potion of magic {unknown}
 l - a potion of might {unknown}


   Skills:
 + Level 1.2 Fighting
 - Level 1.5 Dodging
 * Level 3.6 Unarmed Combat
 + Level 3.2 Shapeshifting


You had one spell level left.
You didn't know any spells.
Your spell library contained the following spells:

 Spells                   Type           Power      Damage    Failure   Level
 Freeze                   Ice            0%         1d3       45%         1
 Frozen Ramparts          Ice            0%         1d1       83%         3
 Hailstorm                Conj/Ice       0%         3d3       83%         3


Dungeon Overview and Level Annotations

Branches:
Dungeon (2/15)

Altars:

Shops:
D:1 [   D:2 [

Annotations:
D:2 Sigmund


Innate Abilities, Weirdness & Mutations

You are a hulking beast.
Your limbs bulge with bestial killing power. (Slay +1)
You are too large for most types of armour.
You have claws for hands.
Your natural rate of healing is unusually fast.
You are covered in fur. (AC +1)
You have tough skin. (AC +1)


Message History

An endoplasm comes into view.
An endoplasm is nearby!
You scratch the endoplasm but do no damage.
The endoplasm hits you.
You claw the endoplasm!
You kill the endoplasm!
As you open the door, it creaks loudly!
There is an open translucent door here.
There is an entrance to Hufric's Antique Armour Boutique here.
There is an open translucent door here.
A ball python comes into view.
A ball python is nearby!
The ball python hisses angrily.
The ball python bites you but does no damage. x2
You scratch the ball python.
You kill the ball python!
You see here a ball python corpse.
Found a ring mail.
A giant cockroach comes into view.
Found a golden potion.
The giant cockroach closely misses you.
The giant cockroach bites you but does no damage.
You barely miss the giant cockroach.
The giant cockroach bites you but does no damage.
You barely miss the giant cockroach.
The giant cockroach bites you but does no damage.
A giant cockroach is nearby!
You claw the giant cockroach!
You kill the giant cockroach!
You now have 17 gold pieces (gained 10).
A ball python comes into view.
The ball python bites you but does no damage.
You closely miss the ball python. You claw the ball python.
You kill the ball python!
You see here a ball python corpse.
l - a golden potion You see here a ball python corpse.
Found a stone staircase leading down.
An endoplasm comes into view.
The endoplasm quivers.
The endoplasm freezes you.
You are frozen.
You scratch the endoplasm.
You kill the endoplasm!
You now have 29 gold pieces (gained 12).
There is a shaft here.
You now have 36 gold pieces (gained 7).
You see here a +0 short sword.
You now have 50 gold pieces (gained 14).
You now have 63 gold pieces (gained 13).
Done exploring.
There is a stone staircase leading down here.
You climb downwards.
There is a stone staircase leading up here.
A ball python is nearby!
The ball python bites you but does no damage.
You barely miss the ball python.
The ball python bites you but does no damage.
You closely miss the ball python. The ball python closely misses you.
You claw the ball python!
You kill the ball python!
You see here a ball python corpse.
Found a stone staircase leading down.
There is a stone staircase leading down here.
m - a scroll labelled QAISHR GOELOGY You see here a +2 trident of freezing.
Found Tuxefa's Antique Armour Boutique.
There is an entrance to Tuxefa's Antique Armour Boutique here.
You can access your shopping list by pressing '$'.
Sigmund the Dreaded comes into view.
He is wielding a +0 scythe.
Sigmund shouts!
Sigmund gestures wildly while chanting.
Sigmund flickers and vanishes!
Deactivating autopickup; reactivate with Ctrl-A.
You start waiting.
There is a strange disturbance nearby!
You hear some strange, mumbled words.
You are confused.
You bump into the rock wall.
Something hits you!
You claw something! Something hits you.
You barely miss something.
Unknown command.
You bump into the rock wall.
Something hits you but does no damage.
You bump into the rock wall.
You feel less confused. Something hits you.
* * * LOW HITPOINT WARNING * * *
You claw something!
Unknown command.
You scratch something.
You hear some strange, mumbled words.
A magic dart appears from out of thin air!
The magic dart hits you.
* * * LOW HITPOINT WARNING * * *
You completely miss something. Something hits you!
You die...

#..##
######..####
.......>...#
######.###.#
#.# #.# #.#
#.# #.. #.#
## #{#######
#.h.....#
#######.#
#.# #.# #.#
#.# #.# #†#
#.#


There were no monsters in sight!

Vanquished Creatures
  3 ball pythons
  3 endoplasms (D:1)
  2 giant cockroaches (D:1)
  A goblin (D:1)
  A hobgoblin (D:1)
  4 kobolds (D:1)
  2 quokkas (D:1)
  A bat (D:1)
  9 frilled lizards (D:1)
26 creatures vanquished.

Notes
Turn   | Place    | Note
-------+----------+-------------------------------------------
     0 | D:1      | Firecrotchwizard the Troll Shapeshifter began the quest for
                  | the Orb.
     0 | D:1      | Reached XP level 1. HP: 18/18 MP: 0/0
   128 | D:1      | Reached skill level 1 in Fighting
   164 | D:1      | Found a faded altar of an unknown god.
   212 | D:1      | Reached XP level 2. HP: 27/27 MP: 1/1
   341 | D:1      | Found Hufric's Antique Armour Boutique.
   780 | D:2      | Found Tuxefa's Antique Armour Boutique.
   793 | D:2      | Noticed Sigmund
   831 | D:2      | Slain by Sigmund

Illustrated notes

Levels and vault maps discovered:
D:1:      sevenhm_arrival_forest_fort_small_6, layout_loops_ring, serial_shops,
          nicolae_shop_tiny_glass, shapermc_ecumenical_altar_ellora,
          minmay_lizard_pond
D:2:      layout_basic, serial_curves, eino_curves_02, eino_curves_01,
          eino_curves_02, eino_curves_04, serial_shops, shop,
          kennysheep_nondescript, uniq_sigmund

Skill      XL: |  1 |
---------------+----+-----
Fighting       | 1 |  1.2
Dodging        | |  1.5
Unarmed Combat | |  3.6
Shapeshifting  | |  3.2

Action                     || total
---------------------------++-------
  Melee: Unarmed           ||    63
         Punch             ||     2
   Stab: Sleeping          ||     1
 Armour: Animal skin       ||    38
  Dodge: Dodged            ||    13

Table legend: (Time is in decaauts)
 A = Elapsed time spent in this place.
 B = Non-inter-level travel time spent in this place.
 C = Inter-level travel time spent in this place.
 D = Time resting spent in this place.
 E = Time spent auto-exploring this place.
 F = Levels seen in this place.
 G = Mean time per level.
                   A        B        C        D        E       F      G
               +--------+--------+--------+--------+--------+-----+--------+
         Total |    827 |    792 |     35 |      6 |    580 |   2 |  413.5 |
       Dungeon |    827 |    792 |     35 |      6 |    580 |   2 |  413.5 |
               +--------+--------+--------+--------+--------+-----+--------+

Top non-repeatable levels by time:
     D:1: 739 daAuts
     D:2: 87 daAuts
